SNL (28 & UNDER)
SALEM SILVER SOULS @ WEST VIRGINIA POWER
09/17/2025
 
TOP OF THE 1ST
Salem Silver Souls batting - Pitching for West Virginia Power : RHP Anthony Jackson
Pitching: RHP Anthony Jackson
Batting: RHB Jack Snyder 0-0: Ball
1-0: Ball
2-0: Swinging Strike
2-1: Ball
3-1: Base on Balls
Batting: RHB Jesús Gutiérrez 0-0: Ball
1-0: Grounds into double play, 6-4-3 (Groundball, 6)
Batting: RHB Gabriel Miranda 0-0: Ball
1-0: Ball
2-0: SINGLE (Line Drive, 8RS)
Batting: RHB Lonson Seals 0-0: Called Strike
0-1: Called Strike
0-2: Ball
1-2: Ball
2-2: SINGLE (Flyball, 8RS)
Gabriel Miranda to second
Runner from 2nd tries for 3rd, SAFE, throw made to third
Batting: LHB Ezechiele Bruno 0-0: Ball
1-0: Called Strike
1-1: SINGLE (Groundball, 6MD)
Gabriel Miranda scores
Lonson Seals to second
Runner from 2nd tries for 3rd, SAFE, no throw or cutoff
Batting: RHB Carlos García 0-0: Ball
1-0: Ball
2-0: Ball
3-0: Called Strike
3-1: Base on Balls
Ezechiele Bruno to second
Batting: LHB Millard Dye 0-0: Foul Ball, location: 2F
0-1: Called Strike
0-2: Ball
1-2: Foul Ball, location: 2F
1-2: Ball
2-2: Strikes out swinging
Top of the 1st over - 1 run(s), 3 hit(s), 0 error(s), 3 left on base; Salem 1 - West Virginia 0
BOTTOM OF THE 1ST
West Virginia Power batting - Pitching for Salem Silver Souls : RHP Clark Noble
Pitching: RHP Clark Noble
Batting: LHB Júlio Martínez 0-0: Called Strike
0-1: Ball
1-1: Foul Ball, location: 2F
1-2: Ball
2-2: TRIPLE (Flyball, 8RS)
Batting: LHB Héctor Cruz 0-0: Fly out, F7 (Flyball, 7LD)
Runner from 3rd tags up, SCORES, no throw
Batting: RHB Lance Wolf 0-0: Called Strike
0-1: Foul Ball, location: 2F
0-2: Foul Ball, location: 2F
0-2: Foul Ball, location: 2F
0-2: Ball
1-2: Foul Ball, location: 2F
1-2: Strikes out swinging
Batting: RHB Dave McGrath 0-0: Foul Ball, location: 2F
0-1: Ball
1-1: Ball
2-1: Foul Ball, location: 2F
2-2: SINGLE (Line Drive, 9S)
Batting: RHB Gonzalo Gil 0-0: Ball
1-0: Foul Ball, location: 2F
1-1: Ball
2-1: Swinging Strike
2-2: SINGLE (Flyball, 8LS)
Dave McGrath to second
Batting: RHB Jesse McKnight 0-0: Called Strike
0-1: Called Strike
0-2: Ball
1-2: Strikes out looking
Bottom of the 1st over - 1 run(s), 3 hit(s), 0 error(s), 2 left on base; Salem 1 - West Virginia 1
TOP OF THE 2ND
Salem Silver Souls batting - Pitching for West Virginia Power : RHP Anthony Jackson
Batting: LHB Nick Scott 0-0: Called Strike
0-1: Called Strike
0-2: Strikes out swinging
Batting: LHB Lyle Wilson 0-0: Ground out 4-3 (Groundball, 4M)
Batting: RHB Jack Snyder 0-0: Swinging Strike
0-1: Ground out 3-1 (Groundball, 34)
Top of the 2nd over - 0 run(s), 0 hit(s), 0 error(s), 0 left on base; Salem 1 - West Virginia 1
BOTTOM OF THE 2ND
West Virginia Power batting - Pitching for Salem Silver Souls : RHP Clark Noble
Batting: RHB Ben Dougherty 0-0: Foul Ball, location: 2F
0-1: SINGLE (Groundball, 6MD)
Batting: LHB Lúcio Anaya 0-0: Called Strike
0-1: Foul Ball, location: 2F
0-2: Ball
1-2: Strikes out swinging
Batting: RHB Mike Ingram 0-0: Swinging Strike
0-1: Called Strike
0-2: Ball
1-2: Ball
2-2: Strikes out swinging
Batting: LHB Júlio Martínez 0-0: Fly out, F8 (Flyball, 8LM)
Bottom of the 2nd over - 0 run(s), 1 hit(s), 0 error(s), 1 left on base; Salem 1 - West Virginia 1
TOP OF THE 3RD
Salem Silver Souls batting - Pitching for West Virginia Power : RHP Anthony Jackson
Batting: RHB Jesús Gutiérrez 0-0: Ball
1-0: Fly out, F6 (Popup, 56D)
Batting: RHB Gabriel Miranda 0-0: Ball
1-0: SINGLE (Line Drive, 8RS)
Batting: RHB Lonson Seals 0-0: Ball
1-0: Swinging Strike
1-1: Foul Ball, location: 2F
1-2: Ball
2-2: Foul Ball, location: 2F
2-2: Foul Ball, location: 2F
2-2: Foul Ball, location: 2F
2-2: Foul Ball, location: 2F
2-2: Strikes out looking
Batting: LHB Ezechiele Bruno 0-0: Called Strike
0-1: Fly out, F9 (Flyball, 89M)
Top of the 3rd over - 0 run(s), 1 hit(s), 0 error(s), 1 left on base; Salem 1 - West Virginia 1
BOTTOM OF THE 3RD
West Virginia Power batting - Pitching for Salem Silver Souls : RHP Clark Noble
Batting: LHB Héctor Cruz 0-0: Ball
1-0: Fly out, F4 (Line Drive, 4)
Batting: RHB Lance Wolf 0-0: Foul Ball, location: 2F
0-1: Foul Ball, location: 2F
0-2: Ball
1-2: Ball
2-2: Ground out 6-3 (Groundball, 6)
Batting: RHB Dave McGrath 0-0: Called Strike
0-1: Foul Ball, location: 2F
0-2: Ball
1-2: Fly out, F9 (Flyball, 9M)
Bottom of the 3rd over - 0 run(s), 0 hit(s), 0 error(s), 0 left on base; Salem 1 - West Virginia 1
TOP OF THE 4TH
Salem Silver Souls batting - Pitching for West Virginia Power : RHP Anthony Jackson
Batting: RHB Carlos García 0-0: Foul Ball, location: 2F
0-1: Ball
1-1: Called Strike
1-2: Ground out U3 (Groundball, 3S)
Batting: LHB Millard Dye 0-0: Called Strike
0-1: Ball
1-1: Foul Ball, location: 2F
1-2: Ball
2-2: Strikes out swinging
Batting: LHB Nick Scott 0-0: Ball
1-0: Called Strike
1-1: Ball
2-1: Called Strike
2-2: Foul Ball, location: 2F
2-2: Ball
3-2: Base on Balls
Batting: LHB Lyle Wilson 0-0: Called Strike
0-1: Foul Ball, location: 2F
0-2: Ball
1-2: Strikes out swinging
Top of the 4th over - 0 run(s), 0 hit(s), 0 error(s), 1 left on base; Salem 1 - West Virginia 1
BOTTOM OF THE 4TH
West Virginia Power batting - Pitching for Salem Silver Souls : RHP Clark Noble
Batting: RHB Gonzalo Gil 0-0: Ball
1-0: SINGLE (Flyball, 78S)
Batting: RHB Jesse McKnight 0-0: Called Strike
0-1: Ball
1-1: Ball
2-1: Fly out, F9 (Flyball, 89M)
Batting: RHB Ben Dougherty 0-0: Ball
Gonzalo Gil is caught stealing 2nd base
1-0: Ball
2-0: Fly out, F6 (Line Drive, 6)
Bottom of the 4th over - 0 run(s), 1 hit(s), 0 error(s), 0 left on base; Salem 1 - West Virginia 1
TOP OF THE 5TH
Salem Silver Souls batting - Pitching for West Virginia Power : RHP Anthony Jackson
Batting: RHB Jack Snyder 0-0: Called Strike
0-1: Foul Ball, location: 2F
0-2: Strikes out swinging
Batting: RHB Jesús Gutiérrez 0-0: Ground out 5-3 (Groundball, 56S)
Batting: RHB Gabriel Miranda 0-0: Called Strike
0-1: Fly out, F7 (Popup, 6D)
Top of the 5th over - 0 run(s), 0 hit(s), 0 error(s), 0 left on base; Salem 1 - West Virginia 1
BOTTOM OF THE 5TH
West Virginia Power batting - Pitching for Salem Silver Souls : RHP Clark Noble
Batting: LHB Lúcio Anaya 0-0: Foul Ball, location: 2F
0-1: Ball
1-1: Ball
2-1: Swinging Strike
2-2: Ball
3-2: Foul Ball, location: 2F
3-2: Foul Ball, location: 2F
3-2: Strikes out swinging
Batting: RHB Mike Ingram 0-0: Called Strike
0-1: Foul Ball, location: 2F
0-2: Ball
1-2: Ball
2-2: SINGLE (Flyball, 89S)
Batting: LHB Júlio Martínez 0-0: Ball
1-0: Ball
2-0: Fly out, F8 (Line Drive, 8RS)
Batting: LHB Héctor Cruz 0-0: Swinging Strike
0-1: Ball
1-1: Ball
2-1: Swinging Strike
2-2: Hit by Pitch
Mike Ingram to second
Batting: RHB Lance Wolf 0-0: SINGLE (Groundball, 56D)
Mike Ingram to third
Héctor Cruz to second
Runner from 3rd tries for Home, SAFE, no throw or cutoff
Batting: RHB Dave McGrath 0-0: Called Strike
0-1: Foul Ball, location: 2F
0-2: Fly out, F9 (Flyball, 9LM)
Bottom of the 5th over - 1 run(s), 2 hit(s), 0 error(s), 2 left on base; Salem 1 - West Virginia 2
TOP OF THE 6TH
Salem Silver Souls batting - Pitching for West Virginia Power : RHP Anthony Jackson
Batting: RHB Lonson Seals 0-0: DOUBLE (Line Drive, 5D)
Batting: LHB Ezechiele Bruno 0-0: Ground out 1-3 (Groundball, 13S)
Lonson Seals to third
Batting: RHB Carlos García 0-0: Called Strike
0-1: Ball
1-1: Ball
2-1: Fly out, F8 (Flyball, 8RM)
Runner from 3rd tags up, SCORES, no throw
Batting: LHB Millard Dye 0-0: Called Strike
0-1: Swinging Strike
0-2: Foul Ball, location: 2F
0-2: Ball
1-2: Ball
2-2: Ball
3-2: Base on Balls
Batting: LHB Nick Scott 0-0: Ball
1-0: Ball
2-0: Called Strike
2-1: Ground out 1-3 (Groundball, 23)
Top of the 6th over - 1 run(s), 1 hit(s), 0 error(s), 1 left on base; Salem 2 - West Virginia 2
BOTTOM OF THE 6TH
West Virginia Power batting - Pitching for Salem Silver Souls : RHP Clark Noble
Batting: RHB Gonzalo Gil 0-0: Ball
1-0: Foul Ball, location: 2F
1-1: Ball
2-1: Called Strike
2-2: Ball
3-2: Foul Ball, location: 2F
3-2: Base on Balls
Batting: RHB Jesse McKnight 0-0: Ball
1-0: Fly out, F8 (Flyball, 8RM)
Batting: RHB Ben Dougherty 0-0: Called Strike
0-1: Ball
1-1: Ball
2-1: Fly out, F6 (Popup, 6M)
Pitching: RHP António Rodríguez
Batting: LHB Lúcio Anaya 0-0: Ball
1-0: Foul Ball, location: 2F
1-1: Called Strike
Gonzalo Gil steals 2nd base
1-2: Foul Ball, location: 2F
1-2: Strikes out swinging
Bottom of the 6th over - 0 run(s), 0 hit(s), 0 error(s), 1 left on base; Salem 2 - West Virginia 2
TOP OF THE 7TH
Salem Silver Souls batting - Pitching for West Virginia Power : RHP Anthony Jackson
Pitching: LHP Edmond Summers
Pinch Hitting: RHB Gustavo Pagán 0-0: Swinging Strike
0-1: Ball
1-1: Ball
2-1: Called Strike
2-2: Strikes out swinging
Batting: RHB Jack Snyder 0-0: Foul Ball, location: 2F
0-1: Called Strike
0-2: Ground out 5-3 (Groundball, 56)
Batting: RHB Jesús Gutiérrez 0-0: Fly out, F9 (Flyball, 8RM)
Top of the 7th over - 0 run(s), 0 hit(s), 0 error(s), 0 left on base; Salem 2 - West Virginia 2
BOTTOM OF THE 7TH
West Virginia Power batting - Pitching for Salem Silver Souls : RHP António Rodríguez
Now in CF: Gustavo Pagán
Pinch Hitting: SHB Waylon Adams 0-0: Called Strike
0-1: Ball
1-1: Foul Ball, location: 2F
1-2: Strikes out swinging
Batting: LHB Júlio Martínez 0-0: Ball
1-0: Swinging Strike
1-1: Ball
2-1: Ball
3-1: Base on Balls
Batting: LHB Héctor Cruz 0-0: Ball
Júlio Martínez is caught stealing 2nd base
1-0: Foul Ball, location: 2F
1-1: Fly out, F8 (Flyball, 9M)
Bottom of the 7th over - 0 run(s), 0 hit(s), 0 error(s), 0 left on base; Salem 2 - West Virginia 2
TOP OF THE 8TH
Salem Silver Souls batting - Pitching for West Virginia Power : LHP Edmond Summers
Now in CF: Aaron Murray
Batting: RHB Gabriel Miranda 0-0: Foul Ball, location: 2F
0-1: Ball
1-1: Ground out 4-3 (Groundball, 4)
Batting: RHB Lonson Seals 0-0: Ball
1-0: Ball
2-0: Ball
3-0: Base on Balls
Pinch Hitting: RHB Ron Edwards 0-0: Ball
1-0: Foul Ball, location: 2F
1-1: Ball
2-1: Fly out, F8 (Flyball, 8RM)
Batting: RHB Carlos García 0-0: Called Strike
0-1: Ball
1-1: Ball
2-1: Foul Ball, location: 2F
2-2: SINGLE (Line Drive, 34)
Lonson Seals to second
Batting: LHB Millard Dye 0-0: Ball
1-0: Ball
2-0: Ball
3-0: Base on Balls
Lonson Seals to third
Carlos García to second
Pinch Hitting: RHB Willie Houk 0-0: Swinging Strike
0-1: Swinging Strike
0-2: Ball
1-2: Foul Ball, location: 2F
1-2: Strikes out swinging
Top of the 8th over - 0 run(s), 1 hit(s), 0 error(s), 3 left on base; Salem 2 - West Virginia 2
BOTTOM OF THE 8TH
West Virginia Power batting - Pitching for Salem Silver Souls : RHP António Rodríguez
Now at 3B: Willie Houk
Now in LF: Ron Edwards
Pinch Hitting: RHB Will Lott 0-0: Hit by Pitch
Batting: RHB Dave McGrath 0-0: Ball
1-0: Ball
2-0: Called Strike
2-1: Called Strike
2-2: Foul Ball, location: 2F
2-2: Strikes out swinging
Batting: RHB Gonzalo Gil 0-0: DOUBLE (Line Drive, 7LM)
Will Lott to third
Batting: RHB Jesse McKnight 0-0: Called Strike
0-1: Called Strike
0-2: Ball
1-2: Ball
2-2: Strikes out swinging
Batting: RHB Ben Dougherty 0-0: Ball
1-0: Ball
2-0: Ball
3-0: Base on Balls
Batting: LHB Lúcio Anaya 0-0: Called Strike
0-1: Ball
1-1: Ball
2-1: Foul Ball, location: 2F
2-2: Ball
3-2: Base on Balls
Will Lott scores
Gonzalo Gil to third
Ben Dougherty to second
Pinch Hitting: RHB Len Burke 0-0: Ball
1-0: Called Strike
1-1: Called Strike
1-2: Ball
2-2: Foul Ball, location: 2F
2-2: Fly out, F7 (Flyball, 7S)
Bottom of the 8th over - 1 run(s), 1 hit(s), 0 error(s), 3 left on base; Salem 2 - West Virginia 3
TOP OF THE 9TH
Salem Silver Souls batting - Pitching for West Virginia Power : LHP Edmond Summers
Pitching: RHP Mike Frank
Now at 3B: Ron Guillén
Now in CF: Héctor Soto
Batting: RHB Gustavo Pagán 0-0: Ball
1-0: Foul Ball, location: 2F
1-1: Ground out 1-3 (Groundball, 25)
Batting: RHB Jack Snyder 0-0: Ball
1-0: Called Strike
1-1: Ball
2-1: Swinging Strike
2-2: Strikes out swinging
Batting: RHB Jesús Gutiérrez 0-0: Ball
1-0: Called Strike
1-1: Foul Ball, location: 2F
1-2: Foul Ball, location: 2F
1-2: Ball
2-2: Foul Ball, location: 2F
2-2: Ground out 5-3 (Groundball, 56)
Top of the 9th over - 0 run(s), 0 hit(s), 0 error(s), 0 left on base; Salem 2 - West Virginia 3
This league is powered by Out of the Park Baseball, the baseball management simulation game for PC, Mac and Linux
Tuesday, August 2nd, 2016 - OOTP Baseball 16.8 Build 38